 Dungeon Crawl Stone Soup version 0.31-a0-188-g5e087ee2ca (webtiles) character file.

Game seed: 2904772267994371269

298 qw the Skirmisher (level 6, -16/34 HPs)
             Began as a Deep Elf Hunter on June 23, 2023.
             Demolished by Menkaure (19 damage)
             ... on level 3 of the Dungeon.
             The game lasted 00:02:35 (3756 turns).

qw the Skirmisher (Deep Elf Hunter)                 Turns: 3756, Time: 00:02:35

Health: -16/34     AC:  8    Str: 10    XL:     6   Next: 13%
Magic:  8/8        EV: 11    Int: 14    God:
Gold:   113        SH:  0    Dex: 18    Spells: 5/5 levels left

rFire   . . .        Y - +0 shortbow
rCold   . . .        (shield currently unavailable)
rNeg    . . .        k - +1 ring mail {rPois}
rPois   +            (no helmet)
rElec   .            (no cloak)
rCorr   .            f - +0 pair of gloves
SInv    .            d - +0 pair of boots
Will    .....        (no amulet)
Stlth   +            (no ring)
HPRegen 0.25/turn    (no ring)
MPRegen 0.11/turn

%: no passive effects
@: no status effects
A: no striking features
a: no special abilities


You were on level 3 of the Dungeon.
You visited 1 branch of the dungeon, and saw 4 of its levels.

You collected 113 gold pieces.


   Skills:
 + Level 1.5 Fighting
 - Level 9.8 Ranged Weapons
 - Level 2.4 Dodging
 - Level 1.2 Stealth


You had 5 spell levels left.
You didn't know any spells.
Your spell library was empty.

Inventory:

Hand Weapons
 Y - a +0 shortbow (weapon)
Armour
 d - a +0 pair of boots (worn)
 f - a +0 pair of gloves (worn)
 k - a +1 ring mail of poison resistance (worn)
Scrolls
 b - a scroll of identify
Potions
 a - a potion of enlightenment
 e - a potion of lignification {unknown}
 g - a potion of attraction {unknown}
 h - a potion of cancellation {unknown}
 i - a potion of mutation {unknown}

Dungeon Overview and Level Annotations

Branches:
Dungeon (4/15)
 Temple: D:4-7

Altars:
Uskayaw

Annotations:
D:2 1 runed translucent door, Crazy Yiuf
D:3 Menkaure


Message History

3745 ||| PLANNING OSSUARY You shoot an arrow.
The arrow hits Menkaure but does no damage.
A ball python comes into view.
You shoot an arrow.
The arrow hits Menkaure but does no damage.
You shoot an arrow. The arrow hits Menkaure.
Menkaure is lightly damaged.
A hound comes into view.
You shoot an arrow. The hound barks!
The arrow hits Menkaure.
Menkaure is lightly damaged.
You shoot an arrow. The arrow barely misses Menkaure.
You shoot an arrow. The arrow hits Menkaure.
Menkaure is moderately damaged.
You shoot an arrow. The arrow hits Menkaure.
Menkaure is moderately damaged.
You shoot an arrow.
The arrow hits Menkaure but does no damage.
Menkaure is moderately damaged.
The ball python closely misses you. The ball python grabs you.
The ball python constricts you.
Menkaure points at you and mumbles some strange words.
You struggle to resist.
The ball python bites you but does no damage.
The ball python constricts you.
You shoot an arrow. The arrow hits the ball python.
You kill the ball python!
Menkaure hits you!!
Ouch! That really hurt!
3754 ||| STAIRDANCE Menkaure hits you!
You climb upwards.
There is a stone staircase leading down here.
You shoot an arrow. The arrow hits Menkaure.
Menkaure is severely damaged.
Menkaure hits you!!
Ouch! That really hurt!
You die...

#.# #.##...#######.(##.# #(#
#.#####..................###.#
#.............^..............#
#######........##.........####
#........##.###.###.######
#..#...#.##.# #.# #.......
#..#...#.##.# #.# ########
########..#####.##.# #)#
...........<...M@..# #.#
#####.##########.### #.# #.#
#.# #.# #.# #.# #.#### #.# #.#
#[...# #.# #.# ####.# #.# #.#
#.# #.# #)# #.# #.# #.# #.#


You could see Menkaure.

Vanquished Creatures
  Sigmund (D:3)
  4 gnolls (D:2)
  2 adders
  7 orcs (D:3)
  5 endoplasms
  3 giant cockroaches
  10 hobgoblins
  5 kobolds
  4 quokkas
  6 ball pythons
  5 bats
  5 frilled lizards
  8 goblins
  12 rats
77 creatures vanquished.

Notes
Turn   | Place    | Note
-------+----------+-------------------------------------------
     0 | D:1      | qw the Deep Elf Hunter began the quest for the Orb.
     0 | D:1      | Reached XP level 1. HP: 12/12 MP: 3/3
     0 | D:1      | 0 ||| qw: Version: 0.3-a-9-g12657ce
     0 | D:1      | 0 ||| qw: Game counter: 3418
     0 | D:1      | 0 ||| qw: Always use a shield: true
     0 | D:1      | 0 ||| qw: God list: Okawaru
     0 | D:1      | 0 ||| qw: Allow faded altars: false
     0 | D:1      | 0 ||| qw: Do Orc after D:15 true
     0 | D:1      | 0 ||| qw: Do second Lair branch before Depths: true
     0 | D:1      | 0 ||| qw: Lair rune preference: random
     0 | D:1      | 0 ||| qw: Plans: Normal
     0 | D:1      | 0 ||| PLANNING D:1-11
    49 | D:1      | 49 ||| READING 3 scrolls labelled ZUKKIREFEP.
   136 | D:1      | Reached XP level 2. HP: 16/16 MP: 4/4
   162 | D:1      | 162 ||| READING scroll labelled RUSEMO NUITI.
   163 | D:1      | 163 ||| READING 2 scrolls labelled MILI TYPIDD.
   164 | D:1      | 164 ||| DROPPING 2 scrolls of vulnerability.
   165 | D:1      | 165 ||| DROPPING scroll of butterflies.
   166 | D:1      | 166 ||| DROPPING scroll of fog.
   170 | D:1      | Reached skill level 6 in Ranged Weapons
   714 | D:1      | 714 ||| READING scroll labelled HAEQES NYBBI.
   805 | D:2      | 805 ||| Stepping ~*~*~tactically~*~*~ (outnumbered).
   806 | D:2      | 806 ||| Stepping ~*~*~tactically~*~*~ (outnumbered).
   809 | D:2      | 809 ||| Stepping ~*~*~tactically~*~*~ (outnumbered).
   816 | D:2      | Reached XP level 3. HP: 20/20 MP: 5/5
   818 | D:2      | Reached skill level 7 in Ranged Weapons
   910 | D:2      | Reached XP level 4. HP: 25/25 MP: 6/6
   972 | D:2      | You fall into a shaft and drop 1 floor!
   975 | D:3      | 975 ||| UPGRADING to +0 pair of boots.
  1219 | D:2      | Found a runed translucent door.
  1220 | D:2      | Noticed Crazy Yiuf
  1349 | D:2      | 1349 ||| FLEEEEING.
  1355 | D:2      | 1355 ||| FLEEEEING.
  1356 | D:2      | 1356 ||| FLEEEEING.
  1512 | D:2      | 1512 ||| UPGRADING to +0 pair of gloves.
  1517 | D:2      | 1517 ||| READING scroll labelled YPUAWEMI OQOX.
  1518 | D:2      | 1518 ||| READING scroll labelled ETHRUD ASIMIA.
  1519 | D:2      | 1519 ||| DRINKING 2 fuming grey potions.
  1520 | D:2      | 1520 ||| DROPPING potion of magic.
  1528 | D:2      | 1528 ||| STAIRDANCE
  2911 | D:2      | 2911 ||| Stepping randomly (stuck).
  3043 | D:3      | Reached skill level 8 in Ranged Weapons
  3075 | D:3      | Noticed a +0 spear
  3075 | D:3      | Noticed a +0 short sword
  3168 | D:3      | Noticed a +0 falchion
  3168 | D:3      | Noticed a +0 dagger
  3169 | D:3      | Noticed a +0 spear
  3170 | D:3      | Noticed a +0 short sword
  3170 | D:3      | Noticed a +0 dagger
  3171 | D:3      | Noticed a +0 falchion
  3221 | D:3      | 3221 ||| READING 2 scrolls of identify.
  3221 | D:3      | 3221 ||| IDENTIFYING clear potion
  3235 | D:3      | Found a hide-covered altar of Uskayaw.
  3473 | D:3      | Reached XP level 5. HP: 18/29 MP: 7/7
  3580 | D:3      | Noticed Sigmund
  3598 | D:3      | Killed Sigmund
  3599 | D:3      | Reached skill level 9 in Ranged Weapons
  3599 | D:3      | Reached XP level 6. HP: 12/34 MP: 8/8
  3704 | D:3      | 3704 ||| UPGRADING to +0 ring mail.
  3714 | D:3      | 3714 ||| DROPPING +0 leather armour.
  3715 | D:3      | 3715 ||| UPGRADING to +1 ring mail of poison resistance.
  3725 | D:3      | 3725 ||| DROPPING +0 ring mail.
  3744 | D:4      | Noticed Menkaure
  3745 | D:4      | 3745 ||| PLANNING OSSUARY
  3754 | D:4      | 3754 ||| STAIRDANCE
  3754 | D:4      | HP: 2/34 [Menkaure (14)]
  3756 | D:3      | Demolished by Menkaure

Levels and vault maps discovered:
D:1:      spicycebolla_arrival_ecumenical, layout_basic, serial_glass,
          glass_columns_c, glass_columns_a, glass_columns_c, glass_columns_b,
          glass_columns_b, glass_columns_b, glass_columns_b, glass_columns_c,
          glass_columns_c, glass_columns_a, st_stairs_13, minmay_misc_feat_x,
          minivault_19, chequers_serial_rivers_micro_b
D:2:      minmay_skewed_foursquare, layout_loops_ring, hangedman_decor_riveting,
          grunt_ministairs_9, minmay_misc_feat_encased, nicolae_the_louvre,
          uniq_crazy_yiuf_cottage
D:3:      layout_loops_ring, nicolae_uskayaw_en_pointe, uniq_sigmund
D:4:      layout_rooms, nicolae_overflow_hidden_temple, minitemple,
          minmay_temple_entry_nine_rooms, enter_ossuary_5, feat_on_display,
          uniq_menkaure

Skill      XL: |  1  2  3  4  5 |
---------------+----------------+-----
Ranged Weapons | 6 7 8 9 |  9.8
Fighting       | |  1.5
Dodging        | |  2.4
Stealth        | |  1.2

Action                     |  1- 3 |  4- 6 || total
---------------------------+-------+-------++-------
   Fire: Shortbow          |    95 |   148 ||   243
    Use: Scroll            |     4 |     3 ||     7
         Potion            |       |     1 ||     1
 Armour: Leather armour    |     8 |     6 ||    14
         Ring mail         |       |     1 ||     1
  Dodge: Dodged            |    18 |    25 ||    43

Table legend:
 A = Non-vault XP
 B = Vault XP
 C = Vault XP percentage of total XP
 D = Non-vault monster count
 E = Vault monster count
 F = Vault count percentage of total count
                 A         B        C        D         E       F
            +---------+---------+-------+---------+---------+-------
      Total |     188 |     239 |  56.0 |      68 |       9 |  11.7
            +---------+---------+-------+---------+---------+-------
        D:1 |      33 |       1 |   2.9 |      24 |       1 |   4.0
        D:2 |      99 |      12 |  10.8 |      23 |       7 |  23.3
        D:3 |      55 |     226 |  80.4 |      20 |       1 |   4.8
        D:4 |       1 |       0 |   0.0 |       1 |       0 |   0.0
            +---------+---------+-------+---------+---------+-------
